 Dungeon Crawl Stone Soup version 0.20.0-15-g7f486f2 (webtiles) character file.

12881 butheremails the Thaumaturge (level 11, -2/84 HPs)
             Began as a Deep Elf Earth Elementalist on June 28, 2017.
             Was a Believer of Hepliaklqana.
             Succumbed to a worker ant's poison
             ... on level 10 of the Dungeon.
             The game lasted 01:17:20 (11232 turns).

butheremails the Thaumaturge (DEEE)                Turns: 11232, Time: 01:17:21

Health: -2/84      AC: 10    Str: 10    XL:     11   Next: 68%
Magic:  13/37      EV: 24    Int: 24    God:    Hepliaklqana [**....]
Gold:   607        SH:  0    Dex: 19    Spells: 16/32 levels left

rFire    . . .     SeeInvis .   M - staff of wizardry
rCold    . . .     Gourm    .   (no shield)
rNeg     . . .     Faith    .   b - +1 robe {MR+}
rPois    .         Spirit   +   D - +1 helmet
rElec    .         Reflect  .   o - scarf {Spirit}
rCorr    .         Harm     .   L - +0 pair of gloves
MR       ++++.                  d - +0 pair of boots
Stlth    ..........             m - amulet of magic regeneration
Regen    0.7/turn               c - +5 ring of evasion
MPRegen  0.4/turn               F - ring of magical power

@: confused, mighty, berserking, lethally poisoned (-2 -> -92), very quick
A: reduced essence, talons 1, thin metallic scales 1, thin skeletal structure 1,
agile 1, magic resistance 2, regeneration 1, shaggy fur 1
a: Recall Ancestor, Ancestor Identity, Renounce Religion


You were on level 10 of the Dungeon.
You worshipped Hepliaklqana.
Hepliaklqana was pleased with you.
You were very hungry.

You visited 2 branches of the dungeon, and saw 11 of its levels.
You also visited: Sewer.

You collected 607 gold pieces.

Inventory:

Hand Weapons
 A - a +1 falchion of electrocution
 G - the +7 great mace "Firestarter" {inner flame, rF++}
   (You found it on level 4 of the Dungeon)

   It has been specially enchanted to burn those struck by it, causing extra
   injury to most foes and up to half again as much damage against particularly
   susceptible opponents.
   It greatly protects you from fire.
 R - a +0 fustibalus
 W - a +0 whip of electrocution
 Z - a +2 dagger of chaos
Missiles
 q - 3 stones (quivered)
 v - 78 poisoned needles
 P - 3 throwing nets
 S - 4 curare-tipped needles
Armour
 b - a +1 robe of magic resistance (worn)
 d - a +0 pair of boots (worn)
 o - a scarf of spirit shield (worn)
 D - a +1 helmet (worn)
 K - +0 steam dragon scales
 L - a +0 pair of gloves (worn)
Magical Staves
 M - an uncursed staff of wizardry (weapon)
Jewellery
 c - a +5 ring of evasion (left hand)
 m - an amulet of magic regeneration (around neck)
 F - a ring of magical power (right hand)
 J - the ring "Someg" {Fire rN+ Str+4}
   (You found it on level 9 of the Dungeon)

   [ring of fire]

   It enhances your fire magic.
   It affects your strength (+4).
   It protects you from fire.
   It makes you vulnerable to cold.
   It protects you from negative energy.
 Q - a +3 ring of intelligence
 U - an uncursed ring of wizardry {unknown}
Wands
 T - a wand of iceblast (12/15)
 V - a wand of iceblast (8/15)
 X - a wand of lightning (11/15)
Scrolls
 k - 3 scrolls of teleportation
 l - 5 scrolls of remove curse
 n - a scroll of amnesia
 r - 2 scrolls of blinking
 s - a scroll of identify
 t - 2 scrolls of enchant weapon
 u - 2 scrolls of recharging {unknown}
 B - 7 scrolls of magic mapping
 H - 3 scrolls of fear
 I - a scroll of enchant armour
 N - a scroll of fog
 O - a scroll of random uselessness {unknown}
Potions
 a - a potion of lignification {unknown}
 f - a potion of brilliance {unknown}
 g - a potion of haste {unknown}
 h - a potion of might
 i - 5 potions of flight
 p - 3 potions of agility
 w - a potion of heal wounds
 x - 5 potions of curing
 C - a potion of berserk rage
Books
 e - a book of Geomancy

   Spells                             Type                      Level
   a - Sandblast                      Earth                        1
   b - Passwall                       Transmutation/Earth          2
   c - Stone Arrow                    Conjuration/Earth            3
   d - Petrify                        Transmutation/Earth          4
   e - Lee's Rapid Deconstruction     Earth                        5
 y - a book of Battle

   Spells                             Type                      Level
   a - Infusion                       Charms                       1
   b - Shroud of Golubria             Charms/Translocation         2
   c - Song of Slaying                Charms                       2
   d - Spectral Weapon                Hexes/Charms                 3
   e - Regeneration                   Charms/Necromancy            3
Comestibles
 j - 4 meat rations
 E - 5 bread rations


   Skills:
 - Level 5.1 Fighting
 - Level 8.1 Dodging
 + Level 4.2 Stealth
 + Level 11.4 Spellcasting
 + Level 8.2 Conjurations
 + Level 4.8 Charms
 + Level 3.5 Necromancy
 - Level 7.8 Transmutations
 - Level 7.5 Earth Magic
 - Level 4.0 Invocations
 - Level 3.8 Evocations


You had 16 spell levels left.
You knew the following spells:

 Your Spells              Type           Power        Failure   Level  Hunger
a - Sandblast             Erth           #####.       1%          1    None
b - Stone Arrow           Conj/Erth      ######       1%          3    None
c - Petrify               Tmut/Erth      ######..     1%          4    None
d - Lee's Rapid Deconstr  Erth           #####.....   2%          5    ####...
e - Regeneration          Chrm/Necr      ####......   1%          3    None


Dungeon Overview and Level Annotations

Branches:
Dungeon (10/15)            Temple (1/1) D:7            Lair (0/6) D:8
    Orc (0/2) D:10

Altars:
Ashenzari
Cheibriados
Dithmenos
Elyvilon
Fedhas
Gozag
Hepliaklqana
Kikubaaqudgha
Makhleb
Nemelex Xobeh
Okawaru
Qazlal
Ru
Sif Muna
Trog
Uskayaw
Vehumet
Xom
Yredelemnul
Zin
The Shining One

Shops:
D:4 :   D:8 =


Innate Abilities, Weirdness & Mutations

Your life essence is reduced. (-10% HP)
You have sharp toenails.
You are partially covered in thin metallic scales. (AC +2)
You have a somewhat thin skeletal structure. (Dex +2, Stealth)
You are agile. (Dex +2)
You are highly resistant to hostile enchantments. (MR++)
Your natural rate of healing is unusually fast.
You are covered in fur. (AC +1)


Message History

You feel extremely sick.
You hit the queen ant but do no damage.
The queen ant is heavily wounded.
* * * LOW HITPOINT WARNING * * *
You feel very sick. The worker ant barely misses you.
Shatu-murrim barely misses the worker ant.
The queen ant misses you.
Unknown command.
You bump into the rock wall.
* * * LOW HITPOINT WARNING * * *
You feel very sick. The worker ant bites you.
You are more poisoned.
The worker ant poisons you! The queen ant stings you.
Shatu-murrim closely misses the worker ant.
Unknown command.
You hit the worker ant!
The worker ant is almost dead.
You die...

......####.................# ...
.........................a###....
..........................#.....#
########.....##########+#..## ##
.......#.....#..............####.
.......#.##..#.....†.......†...(t
.......#.....#....R..........###.
..##...#.....#..aa#########....((
..##...###'#####@## ........
#.##........##....# ........
#...........##....# ..........
#...........##....# .........#
#...........####### ..†.....#
#...........# #.†....#
..##...<...... .#.....#
..##........... #.....#
........######### #.....#


You could see the friendly Shatu-murrim the knight, a queen ant and a worker
ant.

Vanquished Creatures
  3 two-headed ogres
  Pikel (D:8)
  Joseph (D:7)
  Psyche (D:8)
  A hornet (D:7)
  A hippogriff (D:9)
  A wraith (D:10)
  A wyvern (D:9)
  A steam dragon (D:10)
  Eustachio (D:6)
  Menkaure (D:5)
  10 soldier ants (D:10)
  3 wargs
  4 sky beasts
  6 orc warriors
  5 ogres
  4 slaves
  A black bear (D:7)
  An ice beast (D:9)
  3 centaurs
  3 phantoms
  3 big kobolds
  A crocodile (D:10)
  5 bullfrogs
  A wyvern skeleton (D:9)
  2 scorpions
  16 killer bees
  6 wights
  A howler monkey (D:4)
  7 crimson imps
  2 quasits
  7 hounds
  A bullfrog skeleton (D:10)
  13 orc priests
  A jelly (D:8)
  11 orc wizards
  An iguana (D:8)
  13 worker ants
  A worker ant zombie (D:9)
  7 gnolls
  A howler monkey skeleton (D:5)
  17 adders
  6 river rats (Sewer)
  2 shadow imps
  3 adder skeletons
  2 worms
  3 dart slugs
  5 leopard geckos
  34 orcs
  4 ball pythons
  5 bats
  7 giant cockroaches
  6 goblins
  5 hobgoblins
  14 jackals
  35 kobolds
  3 quokkas
  6 frilled lizards
  31 rats
341 creatures vanquished.

Vanquished Creatures (collateral kills)
  A hornet (D:10)
  A hippogriff (D:7)
  7 soldier ants (D:10)
  An orc warrior (D:9)
  A crocodile (D:8)
  A scorpion (D:10)
  A killer bee (D:10)
  2 wights (D:8)
  4 worker ants (D:10)
  6 orcs
  A kobold (D:10)
  A quokka (D:7)
27 creatures vanquished.

Vanquished Creatures (others)
  5 ancestors
5 creatures vanquished.

Grand Total: 373 creatures vanquished

Notes
Turn   | Place    | Note
-------+----------+-------------------------------------------
     0 | D:1      | butheremails the Deep Elf Earth Elementalist began the quest for the Orb.
     0 | D:1      | Reached XP level 1. HP: 10/10 MP: 6/6
   522 | D:1      | Reached XP level 2. HP: 15/15 MP: 6/8
   791 | D:2      | Reached XP level 3. HP: 19/19 MP: 6/10
   858 | D:2      | Found a faded altar of an unknown god.
  1316 | D:2      | Reached skill level 4 in Spellcasting
  1619 | D:3      | Reached XP level 4. HP: 18/24 MP: 10/12
  1633 | D:3      | Found a glowing drain.
  1652 | Sewer    | Entered a sewer
  2101 | Sewer    | Reached skill level 5 in Spellcasting
  2232 | Sewer    | Reached XP level 5. HP: 28/28 MP: 9/14
  2238 | Sewer    | Reached skill level 5 in Earth Magic
  2593 | Sewer    | Learned a level 3 spell: Stone Arrow
  2598 | Sewer    | Learned a level 4 spell: Petrify
  2604 | Sewer    | Learned a level 5 spell: Lee's Rapid Deconstruction
  3011 | D:3      | Reached skill level 6 in Spellcasting
  3253 | D:3      | Reached XP level 6. HP: 30/32 MP: 5/17
  3565 | D:3      | Reached skill level 1 in Conjurations
  3675 | D:3      | Found a burning altar of Makhleb.
  3790 | D:4      | Found a bloodstained altar of Trog.
  4010 | D:4      | Found Qipod's Book Emporium.
  4303 | D:4      | Reached XP level 7. HP: 36/36 MP: 13/18
  4314 | D:4      | Found a sparkling altar of Nemelex Xobeh.
  4397 | D:4      | Found an opulent altar of Gozag.
  4730 | D:5      | Entered Level 5 of the Dungeon
  4812 | D:5      | Reached skill level 7 in Spellcasting
  5023 | D:5      | Reached skill level 1 in Fighting
  5023 | D:5      | Reached XP level 8. HP: 43/43 MP: 7/20
  5559 | D:5      | Noticed Menkaure
  5683 | D:5      | Killed Menkaure
  5962 | D:6      | Found a snail-covered altar of Cheibriados.
  6139 | D:6      | Found a shattered altar of Ashenzari.
  6473 | D:6      | Noticed Eustachio
  6543 | D:6      | Reached skill level 8 in Spellcasting
  6544 | D:6      | Killed Eustachio
  6724 | D:6      | Gained mutation: You have a somewhat thin skeletal structure. (Dex +2, Stealth) [mutagenic meat]
  6725 | D:6      | Gained mutation: Your natural rate of healing is unusually fast. [mutagenic meat]
  6726 | D:6      | Gained mutation: You are dopey. (Int -2) [mutagenic meat]
  6727 | D:6      | Gained mutation: You tend to lose your temper in combat. [mutagenic meat]
  6729 | D:6      | Gained mutation: You have large cloven feet. [mutagenic meat]
  6764 | D:6      | Reached skill level 5 in Dodging
  6773 | D:6      | Lost mutation: You have large cloven feet. [mutagenic meat]
  6774 | D:6      | Gained mutation: You expend magic power (3 MP) to strengthen your wands. [mutagenic meat]
  6775 | D:6      | Gained mutation: Your body sometimes deteriorates upon taking damage. [mutagenic meat]
  6776 | D:6      | Gained mutation: You are covered in fur. (AC +1) [mutagenic meat]
  6816 | D:7      | Noticed a hippogriff
  6818 | D:7      | Noticed Joseph
  6981 | D:7      | Reached skill level 5 in Transmutations
  6981 | D:7      | Reached XP level 9. HP: 49/49 MP: 22/23
  7030 | D:7      | Found a sacrificial altar of Ru.
  7059 | D:7      | Found a staircase to the Ecumenical Temple.
  7069 | Temple   | Entered the Ecumenical Temple
  7204 | Temple   | Became a worshipper of Hepliaklqana the Forgotten
  7371 | D:7      | Killed Joseph
  7371 | D:7      | Reached skill level 9 in Spellcasting
  7371 | D:7      | Reached skill level 5 in Conjurations
  7696 | D:7      | Reached * piety under Hepliaklqana
  7984 | D:8      | Noticed a two-headed ogre
  7987 | D:8      | Killed a two-headed ogre
  7987 | D:8      | Reached XP level 10. HP: 47/50 MP: 13/25
  8074 | D:8      | Found a staircase to the Lair.
  8212 | D:8      | Found Moudoc's Jewellery Shoppe.
  8218 | D:8      | Noticed Pikel
  8313 | D:8      | Killed Pikel
  8313 | D:8      | Reached skill level 10 in Spellcasting
  8392 | D:8      | Noticed Psyche
  8397 | D:8      | Killed Psyche
  8476 | D:8      | Found a stormy altar of Qazlal.
  9038 | D:8      | Noticed a two-headed ogre
  9044 | D:8      | Killed a two-headed ogre
  9044 | D:8      | Reached skill level 5 in Fighting
  9226 | D:9      | Reached skill level 1 in Invocations
  9226 | D:9      | Reached skill level 1 in Evocations
  9251 | D:9      | Learned a level 3 spell: Regeneration
  9267 | D:9      | Got a flickering bronze ring
  9494 | D:9      | Identified the ring "Someg" {Fire rN+ Str+4} (You found it on level 9 of the Dungeon)
  9506 | D:9      | Reached skill level 1 in Charms
  9547 | D:9      | Reached skill level 1 in Necromancy
  9580 | D:9      | Noticed a two-headed ogre
  9582 | D:9      | Reached XP level 11. HP: 56/56 MP: 25/27
  9596 | D:9      | Killed a two-headed ogre
  9742 | D:9      | Lost mutation: You are covered in fur. (AC +1) [potion of mutation]
  9742 | D:9      | Lost mutation: You tend to lose your temper in combat. [potion of mutation]
  9742 | D:9      | Gained mutation: Your body often deteriorates upon taking damage. [potion of mutation]
  9742 | D:9      | Lost mutation: You expend magic power (3 MP) to strengthen your wands. [potion of mutation]
  9742 | D:9      | Gained mutation: You are robust. (+10% HP) [potion of mutation]
  9742 | D:9      | Gained mutation: You have sharp fingernails. [potion of mutation]
  9743 | D:9      | Lost mutation: Your body often deteriorates upon taking damage. [potion of mutation]
  9743 | D:9      | Lost mutation: You are dopey. (Int -2) [potion of mutation]
  9743 | D:9      | Lost mutation: Your body sometimes deteriorates upon taking damage. [potion of mutation]
  9743 | D:9      | Lost mutation: You have sharp fingernails. [potion of mutation]
  9743 | D:9      | Lost mutation: You are robust. (+10% HP) [potion of mutation]
  9743 | D:9      | Gained mutation: You have sharp toenails. [potion of mutation]
  9744 | D:9      | Lost mutation: You have sharp toenails. [potion of mutation]
  9744 | D:9      | Gained mutation: Your muscles are strong. (Str +2) [potion of mutation]
  9744 | D:9      | Gained mutation: You heal very quickly. [potion of mutation]
  9744 | D:9      | Gained mutation: You occasionally shout uncontrollably at your foes. [potion of mutation]
  9744 | D:9      | Gained mutation: You are partially covered in thin metallic scales. (AC +2) [potion of mutation]
  9745 | D:9      | Lost mutation: Your muscles are strong. (Str +2) [potion of mutation]
  9745 | D:9      | Lost mutation: You heal very quickly. [potion of mutation]
  9745 | D:9      | Lost mutation: You have a somewhat thin skeletal structure. (Dex +2, Stealth) [potion of mutation]
  9745 | D:9      | Lost mutation: You occasionally shout uncontrollably at your foes. [potion of mutation]
  9745 | D:9      | Gained mutation: You are agile. (Dex +2) [potion of mutation]
  9745 | D:9      | Gained mutation: You are covered in fur. (AC +1) [potion of mutation]
  9884 | D:9      | Gained mutation: You have a somewhat thin skeletal structure. (Dex +2, Stealth) [mutagenic meat]
  9885 | D:9      | Gained mutation: You are resistant to hostile enchantments. (MR+) [mutagenic meat]
  9886 | D:9      | Gained mutation: You are highly resistant to hostile enchantments. (MR++) [mutagenic meat]
  9887 | D:9      | Gained mutation: You have sharp toenails. [mutagenic meat]
  9972 | D:10     | Entered Level 10 of the Dungeon
 10113 | D:10     | Found a staircase to the Orcish Mines.
 10320 | D:10     | Reached ** piety under Hepliaklqana
 10321 | D:10     | Remembered your ancestor Shatu-murrim as a knight
 10572 | D:10     | Reached skill level 11 in Spellcasting
 10867 | D:10     | Noticed a queen ant
 11231 | D:10     | HP: 1/84 [poisoned by a queen ant]
 11232 | D:10     | Succumbed to a worker ant's poison

Skill      XL: |  1  2  3  4  5  6  7  8  9 10 11 |
---------------+----------------------------------+-----
Earth Magic    | 4 5 6 7 |  7.5
Spellcasting   | 4 5 6 7 8 9 10 11 | 11.4
Conjurations   | 1 2 4 6 7 8 |  8.2
Transmutations | 2 3 5 6 7 |  7.8
Dodging        | 3 5 6 8 |  8.1
Fighting       | 1 2 4 5 |  5.1
Invocations    | 1 4 |  4.0
Evocations     | 1 3 |  3.8
Charms         | 1 4 |  4.8
Necromancy     | 1 3 |  3.5
Stealth        | 4 |  4.2

Action                   |  1- 3 |  4- 6 |  7- 9 | 10-12 || total
-------------------------+-------+-------+-------+-------++-------
Melee: Unarmed           |     8 |       |       |       ||     8
       Short sword       |    46 |    86 |       |       ||   132
       Falchion          |       |    66 |       |       ||    66
       Great mace        |       |     7 |     6 |       ||    13
       Staff             |       |       |    11 |    12 ||    23
 Fire: Blowgun           |       |     2 |       |       ||     2
 Cast: Sandblast         |    37 |    62 |    25 |   123 ||   247
       Stone Arrow       |       |    25 |    40 |    46 ||   111
       Lee's Rapid Decon |       |     3 |    52 |    75 ||   130
       Petrify           |       |       |       |     3 ||     3
       Regeneration      |       |       |       |     3 ||     3
Invok: Recall Ancestor   |       |       |       |     2 ||     2
       Ancestor Life: Kn |       |       |       |     1 ||     1
  Use: Potion            |       |     5 |       |    12 ||    17
       Scroll            |       |     1 |       |    14 ||    15
 Stab: Sleeping          |     7 |     2 |       |       ||     9
  Eat: Fruit             |     5 |     2 |     5 |     2 ||    14
       Royal jelly       |       |     1 |       |     1 ||     2
       Chunk             |       |     1 |    15 |    10 ||    26
       Bread ration      |       |     1 |     2 |     1 ||     4
       Meat ration       |       |       |     1 |     1 ||     2
Armor: Robe              |    14 |    51 |     9 |    19 ||    93
Dodge: Dodged            |    42 |   175 |    24 |   148 ||   389
       Rpst.: Falchion   |       |    19 |       |       ||    19
